[ AOE2 MATCH · #464771817 ]
UnrankedMagyars vs Wei
Player's team · LOSS
Rival team · WIN
[ REPLAY ANALYSIS · EXTRACTED FROM THE RECORDED GAME ]
Feudal
8:59
Castle
20:24
Imperial
—
| APM avg | 41.9 |
| APM peak | 69 |
| eAPM avg | 19.5 |
| Villagers / military | 75 / 79 |
Focus
⚔️ 41.2% · 🌾 58.8%
Cavalry Archer ×45 · Skirmisher ×25 · Spearman ×5 · Scout Cavalry ×4
Feudal
8:51
Castle
23:36
Imperial
—
| APM avg | 59.4 |
| APM peak | 91 |
| eAPM avg | 22.4 |
| Villagers / military | 95 / 24 |
Focus
⚔️ 35.4% · 🌾 64.6%
Unknown (1952) ×91 · Scout Cavalry ×11 · Spearman ×10 · Skirmisher ×3
Match map
Initial resources + every placement click. Lines = walls · curves = elevation contours. ◆ gold · ⬟ stone · ● berries · ✦ relic · ◌ wall gap
Your base· Open — 3t gap
别让我遇见花活玩家了's base· Open — 6t gap
Smoothed initial terrain · ◌ = detected wall gap · hover for details
Inputs per minute
— TingeltangelBob - - 别让我遇见花活玩家了
Build order — TingeltangelBob
First 150 of 238 actions detected
| 0:00 | Create | Villager (Male) ×4 |
| 0:02 | Build | House |
| 0:03 | Build | House |
| 1:30 | Create | Villager (Male) |
| 1:49 | Build | Lumber Camp |
| 2:06 | Create | Villager (Male) |
| 2:20 | Create | Villager (Male) |
| 2:53 | Create | Villager (Male) |
| 3:11 | Create | Villager (Male) |
| 3:45 | Create | Villager (Male) |
| 3:50 | Build | House |
| 4:08 | Create | Villager (Male) |
| 4:13 | Build | Mill |
| 4:25 | Create | Villager (Male) |
| 4:45 | Build | Palisade Wall |
| 5:02 | Create | Villager (Male) |
| 5:08 | Create | Villager (Male) |
| 5:28 | Create | Villager (Male) |
| 6:13 | Research | Loom |
| 6:49 | Research | Feudal Age |
| 7:35 | Build | Barracks |
| 7:41 | Build | House |
| 7:53 | Create | Villager (Male) |
| 8:22 | Build | Palisade Wall |
| 8:59 | Age | Feudal Age |
| 9:01 | Build | Stable |
| 9:06 | Create | Villager (Male) |
| 9:10 | Research | Double-Bit Axe |
| 9:16 | Build | House |
| 9:19 | Build | Palisade Wall |
| 9:26 | Create | Villager (Male) |
| 9:37 | Create | Spearman |
| 9:57 | Create | Scout Cavalry |
| 10:12 | Create | Villager (Male) |
| 10:25 | Build | Blacksmith |
| 10:28 | Build | Palisade Wall |
| 10:32 | Create | Scout Cavalry |
| 10:35 | Build | Farm |
| 10:37 | Build | Farm |
| 10:40 | Create | Villager (Male) |
| 10:48 | Create | Villager (Male) |
| 11:11 | Build | House |
| 11:21 | Create | Scout Cavalry |
| 11:27 | Build | Farm |
| 11:28 | Build | Farm |
| 11:31 | Create | Villager (Male) |
| 11:38 | Build | House |
| 11:57 | Create | Villager (Male) |
| 12:07 | Create | Scout Cavalry |
| 12:15 | Create | Villager (Male) |
| 12:18 | Build | Farm |
| 12:20 | Build | Farm |
| 12:26 | Create | Villager (Male) |
| 12:36 | Create | Villager (Male) |
| 12:38 | Build | House |
| 12:48 | Create | Villager (Male) |
| 12:58 | Create | Spearman |
| 13:05 | Build | Farm |
| 13:07 | Build | Farm |
| 13:13 | Build | Farm |
| 13:19 | Create | Villager (Male) |
| 13:26 | Build | House |
| 13:27 | Build | House |
| 13:40 | Create | Villager (Male) |
| 13:46 | Build | Mining Camp |
| 13:54 | Create | Villager (Male) |
| 13:59 | Build | Farm |
| 14:00 | Create | Villager (Male) |
| 14:08 | Build | House |
| 14:11 | Build | Palisade Wall |
| 14:20 | Create | Spearman |
| 14:46 | Create | Spearman |
| 14:58 | Create | Spearman |
| 15:06 | Build | House |
| 15:08 | Build | House |
| 15:21 | Build | Farm |
| 15:22 | Build | Farm |
| 15:22 | Build | Farm |
| 15:33 | Build | Palisade Wall |
| 15:57 | Build | Farm |
| 16:05 | Create | Villager (Male) |
| 16:16 | Create | Villager (Male) |
| 16:41 | Build | House |
| 16:45 | Build | Farm |
| 16:57 | Create | Villager (Male) |
| 17:02 | Build | Farm |
| 17:44 | Research | Castle Age |
| 17:45 | Research | Castle Age |
| 18:06 | Build | Archery Range |
| 18:27 | Research | Horse Collar |
| 18:39 | Research | Gold Mining |
| 19:42 | Build | House |
| 19:57 | Build | Palisade Gate |
| 19:58 | Build | House |
| 20:15 | Build | Archery Range |
| 20:24 | Age | Castle Age |
| 20:25 | Create | Villager (Male) |
| 20:26 | Create | Cavalry Archer |
| 20:27 | Create | Cavalry Archer |
| 20:28 | Research | Husbandry |
| 20:32 | Build | Farm |
| 20:41 | Research | Fletching |
| 20:50 | Create | Villager (Male) |
| 20:59 | Create | Cavalry Archer |
| 21:20 | Build | Palisade Gate |
| 21:28 | Create | Cavalry Archer |
| 21:28 | Create | Cavalry Archer |
| 21:28 | Create | Villager (Male) |
| 21:29 | Create | Villager (Male) |
| 21:42 | Create | Villager (Male) |
| 21:48 | Create | Cavalry Archer |
| 21:48 | Create | Cavalry Archer |
| 21:58 | Create | Villager (Male) |
| 22:00 | Build | Farm |
| 22:09 | Create | Cavalry Archer |
| 22:16 | Create | Cavalry Archer |
| 22:21 | Build | Farm |
| 22:31 | Create | Cavalry Archer |
| 22:34 | Research | Bodkin Arrow |
| 22:59 | Create | Cavalry Archer |
| 23:27 | Create | Villager (Male) |
| 23:34 | Create | Cavalry Archer |
| 23:46 | Create | Villager (Male) |
| 24:02 | Create | Villager (Male) |
| 24:07 | Build | Town Center |
| 24:43 | Create | Villager (Male) |
| 24:50 | Create | Cavalry Archer |
| 24:50 | Create | Cavalry Archer |
| 24:59 | Research | Bloodlines |
| 25:13 | Create | Villager (Male) |
| 25:22 | Build | University |
| 25:40 | Create | Cavalry Archer |
| 25:46 | Create | Cavalry Archer |
| 25:48 | Create | Villager (Male) |
| 25:59 | Research | Padded Archer Armor |
| 26:00 | Create | Villager (Male) |
| 26:01 | Create | Villager (Male) |
| 26:08 | Create | Villager (Male) |
| 26:12 | Build | Archery Range |
| 26:19 | Build | Palisade Wall |
| 26:22 | Create | Cavalry Archer |
| 26:27 | Create | Villager (Male) |
| 26:32 | Create | Villager (Male) |
| 26:40 | Create | Villager (Male) |
| 26:46 | Create | Cavalry Archer |
| 26:53 | Build | Farm |
| 26:53 | Build | Farm |
| 27:05 | Create | Cavalry Archer |
| 27:08 | Create | Cavalry Archer |
| 27:22 | Create | Villager (Male) |
Build order — 别让我遇见花活玩家了
First 150 of 325 actions detected
| 0:01 | Create | Villager (Male) |
| 0:02 | Build | House |
| 0:02 | Build | House |
| 0:11 | Create | Villager (Male) |
| 0:11 | Create | Villager (Male) |
| 0:17 | Create | Villager (Male) |
| 0:18 | Create | Villager (Male) |
| 1:28 | Create | Villager (Male) |
| 1:28 | Create | Villager (Male) |
| 2:00 | Create | Villager (Male) |
| 2:00 | Create | Villager (Male) |
| 2:19 | Create | Villager (Male) |
| 2:27 | Build | Lumber Camp |
| 2:52 | Create | Villager (Male) |
| 2:52 | Create | Villager (Male) |
| 2:54 | Create | Villager (Male) |
| 2:55 | Create | Villager (Male) |
| 3:43 | Create | Villager (Male) |
| 3:43 | Create | Villager (Male) |
| 3:43 | Create | Villager (Male) |
| 3:50 | Build | House |
| 4:00 | Create | Villager (Male) |
| 4:49 | Create | Villager (Male) |
| 4:51 | Create | Villager (Male) |
| 4:54 | Build | Mill |
| 4:56 | Create | Villager (Male) |
| 4:56 | Create | Villager (Male) |
| 5:14 | Research | Loom |
| 5:14 | Research | Loom |
| 6:39 | Research | Feudal Age |
| 6:40 | Research | Feudal Age |
| 6:40 | Research | Feudal Age |
| 7:41 | Build | Barracks |
| 7:58 | Build | Palisade Wall |
| 8:23 | Create | Villager (Male) |
| 8:24 | Create | Villager (Male) |
| 8:33 | Build | House |
| 8:51 | Age | Feudal Age |
| 8:53 | Research | Double-Bit Axe |
| 8:54 | Create | Spearman |
| 8:55 | Create | Spearman |
| 9:13 | Build | Stable |
| 9:18 | Build | Stable |
| 9:24 | Create | Villager (Male) |
| 9:39 | Create | Villager (Male) |
| 9:45 | Create | Spearman |
| 9:57 | Build | House |
| 10:03 | Build | Farm |
| 10:06 | Create | Scout Cavalry |
| 10:06 | Create | Scout Cavalry |
| 10:10 | Build | House |
| 10:22 | Build | Farm |
| 10:24 | Build | Farm |
| 10:25 | Create | Villager (Male) |
| 10:43 | Build | Farm |
| 10:47 | Build | House |
| 10:53 | Build | House |
| 11:01 | Create | Spearman |
| 11:07 | Create | Villager (Male) |
| 11:12 | Build | House |
| 11:14 | Build | House |
| 11:20 | Build | Farm |
| 11:36 | Create | Scout Cavalry |
| 11:45 | Create | Spearman |
| 12:04 | Create | Spearman |
| 12:12 | Create | Villager (Male) |
| 12:16 | Create | Villager (Male) |
| 12:17 | Build | Farm |
| 12:19 | Build | Farm |
| 12:27 | Build | Farm |
| 12:46 | Create | Villager (Male) |
| 12:57 | Build | Farm |
| 13:00 | Build | Farm |
| 13:02 | Create | Villager (Male) |
| 13:19 | Build | Farm |
| 13:36 | Create | Villager (Male) |
| 13:47 | Build | Mining Camp |
| 14:03 | Create | Scout Cavalry |
| 14:04 | Create | Scout Cavalry |
| 14:04 | Create | Scout Cavalry |
| 14:15 | Create | Villager (Male) |
| 14:41 | Create | Villager (Male) |
| 14:42 | Create | Spearman |
| 15:09 | Create | Villager (Male) |
| 15:09 | Create | Villager (Male) |
| 15:17 | Create | Villager (Male) |
| 15:19 | Create | Scout Cavalry |
| 15:21 | Create | Spearman |
| 15:40 | Build | Farm |
| 15:50 | Research | Horse Collar |
| 15:52 | Create | Scout Cavalry |
| 15:53 | Create | Scout Cavalry |
| 16:15 | Build | Palisade Wall |
| 16:22 | Create | Scout Cavalry |
| 16:25 | Create | Villager (Male) |
| 16:37 | Create | Scout Cavalry |
| 16:43 | Create | Spearman |
| 16:46 | Build | Farm |
| 16:50 | Build | Farm |
| 16:58 | Create | Villager (Male) |
| 17:09 | Build | Farm |
| 17:13 | Build | Farm |
| 17:14 | Build | Farm |
| 17:17 | Create | Villager (Male) |
| 17:20 | Build | Farm |
| 17:26 | Build | Farm |
| 17:40 | Create | Spearman |
| 17:48 | Create | Villager (Male) |
| 17:55 | Build | House |
| 17:57 | Build | House |
| 17:58 | Build | House |
| 18:04 | Build | Archery Range |
| 18:10 | Build | Archery Range |
| 18:13 | Research | Wheelbarrow |
| 18:43 | Create | Villager (Male) |
| 18:47 | Build | Farm |
| 19:07 | Build | Blacksmith |
| 19:13 | Build | Farm |
| 19:20 | Create | Villager (Male) |
| 19:56 | Build | Market |
| 20:16 | Create | Villager (Male) |
| 20:56 | Research | Castle Age |
| 20:57 | Research | Castle Age |
| 21:05 | Build | Archery Range |
| 21:06 | Build | Archery Range |
| 21:11 | Research | Fletching |
| 21:12 | Research | Fletching |
| 21:34 | Create | Villager (Male) |
| 22:03 | Build | Palisade Wall |
| 22:09 | Research | Bloodlines |
| 22:09 | Research | Bloodlines |
| 22:12 | Research | Padded Archer Armor |
| 22:12 | Research | Padded Archer Armor |
| 22:26 | Build | House |
| 22:27 | Build | House |
| 22:30 | Build | Farm |
| 22:30 | Build | Farm |
| 22:40 | Create | Villager (Male) |
| 23:36 | Age | Castle Age |
| 23:39 | Create | Unit 1952 |
| 23:39 | Create | Unit 1952 |
| 23:40 | Research | Bodkin Arrow |
| 23:40 | Research | Bodkin Arrow |
| 23:41 | Research | Scale Mail Armor |
| 23:44 | Create | Unit 1952 |
| 23:44 | Create | Unit 1952 |
| 23:44 | Create | Unit 1952 |
| 23:45 | Create | Unit 1952 |
| 23:47 | Build | House |
| 23:49 | Build | House |
Match timeline
| 4:45 | TingeltangelBob · wall_segment Palisade Wall x1 |
| 7:35 | TingeltangelBob · first_building Barracks |
| 7:41 | 别让我遇见花活玩家了 · first_building Barracks |
| 7:58 | 别让我遇见花活玩家了 · wall_segment Palisade Wall x7 |
| 8:22 | TingeltangelBob · wall_segment Palisade Wall x7 |
| 8:51 | 别让我遇见花活玩家了 · age_up feudal |
| 8:59 | TingeltangelBob · age_up feudal |
| 9:01 | TingeltangelBob · first_building Stable |
| 9:13 | 别让我遇见花活玩家了 · first_building Stable |
| 9:19 | TingeltangelBob · wall_segment Palisade Wall x1 |
| 10:28 | TingeltangelBob · wall_segment Palisade Wall x5 |
| 14:11 | TingeltangelBob · wall_segment Palisade Wall x9 |
| 15:33 | TingeltangelBob · wall_segment Palisade Wall x1 |
| 16:15 | 别让我遇见花活玩家了 · wall_segment Palisade Wall x1 |
| 18:04 | 别让我遇见花活玩家了 · first_building Archery Range |
| 18:06 | TingeltangelBob · first_building Archery Range |
| 20:24 | TingeltangelBob · age_up castle |
| 22:03 | 别让我遇见花活玩家了 · wall_segment Palisade Wall x8 |
| 23:36 | 别让我遇见花活玩家了 · age_up castle |
| 25:58 | 别让我遇见花活玩家了 · first_market_buy 100 wood |
| 26:19 | TingeltangelBob · wall_segment Palisade Wall x1 |
| 26:22 | 别让我遇见花活玩家了 · first_market_sell 100 food |
| 30:45 | TingeltangelBob · first_market_sell 100 food |
| 35:19 | TingeltangelBob · first_market_buy 100 food |
| 36:06 | TingeltangelBob · resign |
[ AI ANALYSIS · 1 CREDIT ]
What really happened in this match?
Wolo.gg analyzes every decision: build order, eco, micro, common mistakes by bracket. Personalized analysis on WhatsApp or Discord in 30 seconds.
Civ guide
Magyars
Perfil
Jugador #1245549